Map: Dusk Towers

Players

LilDicky

  • Race: Terran Terran
  • League: Diamond

Zorak - Winner!

  • Race: Zerg Zerg
  • League: Diamond

VOD

http://www.twitch.tv/tumescentpie

Description

Time

  • Played on: Nov. 28, 2015, 2:07 a.m.
  • Length: 11:30
Show
View Real Time Build Order
Export as new Build Order

LilDicky Terran 

Build Orders: MMM Bio 

Get SALT Encoding   

  12  0:01  SCV  
  13  0:14  SCV  
  14  0:18  Supply Depot  
  14  0:26  SCV  
  15  0:39  SCV  
  15  0:41  Barracks  
  16  0:46  Refinery  
  16  0:52  SCV  
  17  1:04  SCV  
  18  1:17  SCV  
  19  1:23  Supply Depot  
  19  1:29  Barracks  
  19  1:34  SCV, Barracks  
  19  1:35  Barracks  
  20  1:46  SCV  
  22  2:04  SCV  
  22  2:20  Barracks, Orbital Command  
  22  2:22  Barracks Reactor  
  22  2:25  Barracks Tech Lab x2  
  22  2:31  Refinery  
  22  2:40  Supply Depot  
  22  2:46  SCV  
  22  2:48  Marine x2  
  22  2:50  Stimpack  
  25  2:57  Combat Shields  
  25  2:59  Marine x2  
  25  3:02  SCV  
  28  3:06  Marine  
  28  3:07  Marine  
  27  3:31  Marine x4  
  32  3:35  Barracks Reactor  
  31  3:42  Supply Depot  
  31  3:48  Marine  
  31  3:49  Marine x2  
  31  3:55  Marauder  
  36  4:06  Supply Depot, Marine x2  
  36  4:07  Marine  
  39  4:11  Marine  
  39  4:16  Concussive Shells  
  40  4:26  Marine x2  
  40  4:27  Marauder  
  43  4:31  Marine  
  43  4:32  Marine  
  45  4:45  Marine x2  
  45  4:46  Marine  
  45  4:48  Marine  
  45  4:49  Marine  
  44  5:03  Marine x2  
  42  5:08  Marine  
  42  5:09  Marine x2  
  42  5:12  Marine  
  42  5:19  SCV  
  40  5:21  Marine x2  
  40  5:26  Marine x2  
  40  5:27  Marine  
  45  5:32  SCV  
  45  5:34  Marine  
  47  5:44  SCV  
  45  5:56  SCV, Marine  
  41  5:57  Marine x5  
  44  6:14  Marine  
  44  6:15  Marine  
  45  6:23  Marine  
  45  6:24  Marine  
  45  6:25  SCV, Marine x2  
  41  6:32  Marine x2  
  42  6:37  SCV  
  44  6:41  Marine x2  
  44  6:43  Marine x2  
  48  6:50  Marine x2  
  46  6:59  Marine x2  
  46  7:01  Marine x2  
  45  7:08  Marine x2  
  46  7:17  Marine x2  
  46  7:19  Marine x2  
  49  7:25  Marine  
  49  7:26  Marine  
  50  7:35  SCV, Marine x2  
  50  7:36  Marine  
  50  7:42  Marine  
  45  7:52  Command Center  
  45  7:54  Marine x2  
  45  7:57  Marine  
  47  8:09  Marine x2  
  45  8:13  Marine  
  45  8:14  Marine x2  
  45  8:15  Marine  
  49  8:29  Factory  
  49  8:31  Marine  
  49  8:32  Marine  
  51  8:34  Marine  
  52  8:55  Marine  
  42  8:56  Marine x4  
  41  9:12  Factory Tech Lab  
  41  9:13  Factory Reactor, Marine x2  
  41  9:19  Starport  
  41  9:21  Marine  
  41  9:23  Marine x2  
  39  9:30  Orbital Command  
  39  9:35  Marine  
  39  9:37  Marine  
  36  9:43  Marine  
  36  9:45  Marine x2  
  36  10:21  Marine  
  36  10:22  Marine x5  
  42  10:30  Command Center  
  42  10:34  Medivac  
  42  10:35  Medivac  
  46  10:39  Marine  
  46  10:40  Marine x2  
  49  10:53  Marine x2  
  49  10:54  Marine  
  52  10:57  SCV, Marine  
  52  10:59  Marine x2  
  56  11:08  Supply Depot  
  60  11:11  Marine x2  
  60  11:14  Engineering Bay  
Show
View Real Time Build Order
Export as new Build Order

Zorak Zerg - Winner!

Build Orders: Hatch First 

Get SALT Encoding   

  12  0:01  Drone  
  13  0:15  Overlord  
  13  0:18  Drone  
  14  0:33  Drone  
  14  0:34  Drone  
  16  0:37  Drone  
  17  0:53  Hatchery  
  17  0:55  Drone  
  17  1:02  Drone  
  18  1:07  Extractor  
  18  1:09  Drone  
  18  1:20  Drone  
  18  1:23  Spawning Pool  
  18  1:32  Drone  
  19  1:41  Overlord  
  19  2:09  Metabolic Boost  
  19  2:11  Zergling x6  
  19  2:12  Queen  
  19  2:13  Queen  
  19  2:14  Drone  
  27  2:16  Drone  
  28  2:24  Drone  
  29  2:31  Drone  
  29  2:36  Drone  
  31  2:38  Drone  
  32  2:46  Overlord  
  32  2:50  Queen  
  34  2:51  Queen  
  34  2:58  Overlord  
  34  3:25  Drone x11  
  44  3:29  Roach Warren  
  43  3:34  Lair  
  43  3:41  Drone x2  
  45  4:01  Overlord x2  
  45  4:06  Extractor x2  
  43  4:15  Overlord x2  
  43  4:23  Extractor  
  42  4:31  Zergling x2  
  42  4:32  Zergling x14  
  40  5:20  Zergling x12  
  46  5:22  Queen  
  46  5:27  Tunneling Claws  
  48  5:30  Drone  
  49  5:46  Hatchery  
  47  5:56  Zergling x10  
  46  6:21  Zergling x10  
  47  6:33  Zergling x2  
  47  6:34  Zergling x2  
  47  6:37  Queen  
  51  6:40  Zergling x2  
  47  7:05  Zergling x12  
  50  7:24  Zergling x14  
  57  7:31  Hatchery  
  54  7:44  Evolution Chamber, Spine Crawler  
  54  7:48  Evolution Chamber  
  51  7:53  Drone x7  
  51  7:54  Drone x4  
  62  8:07  Drone x8  
  59  8:17  Zergling x2  
  59  8:18  Zergling x4  
  62  8:24  Zerg Melee Weapons Level 1  
  62  8:25  Zerg Ground Armor Level 1  
  62  8:26  Zergling x12  
  68  8:34  Spire  
  68  8:35  Zergling x6  
  70  8:45  Zergling x10  
  70  9:05  Queen  
  70  9:06  Zergling x20  
  70  9:07  Zergling x2  
  78  9:18  Baneling Nest  
  77  9:24  Glial Reconstitution  
  77  9:26  Roach  
  75  9:43  Zergling x2  
  75  9:44  Zergling x8  
  80  9:52  Overlord x2  
  80  9:53  Overlord x8  
  80  10:05  Extractor  
  79  10:10  Queen  
  79  10:14  Zergling x18  
  82  10:15  Zergling x2  
  82  10:19  Ravager  
  92  10:22  Roach  
  92  10:23  Roach x2  
  98  10:31  Roach x4  
  98  10:32  Roach x2  
  110  10:37  Roach  
  110  10:38  Roach x3, Extractor  
  117  10:44  Roach x2  
  123  10:50  Roach x4  
  123  10:53  Roach x3  
  135  11:00  Ravager  
  135  11:01  Ravager  
  137  11:04  Roach  
  137  11:05  Roach x3  
  137  11:08  Ravager  
  137  11:09  Ravager  
  147  11:11  Ravager  
  147  11:12  Ravager x3  
Tags
 
Add a new tag
Caveats
  • Supply blocks, unpowered buildings, or Contaminate may cause inaccurate times.
  • Supply counts are checked every 10 seconds.